 Dungeon Crawl Stone Soup version 0.29-a0-717-g6dac4ea423 (webtiles) character file.

Game seed: 16440345134244930559

28 blackman the Sneak (level 3, 0/29 HPs)
             Began as a Human Delver on June 26, 2022.
             Slain by an adder (3 damage)
             ... on level 5 of the Dungeon.
             The game lasted 00:00:49 (148 turns).

blackman the Sneak (Human Delver)                    Turns: 148, Time: 00:00:50

Health: 0/29       AC:  3    Str: 14    XL:     3   Next: 27%
Magic:  3/3        EV: 12    Int: 10    God:
Gold:   3          SH:  0    Dex: 14    Spells: 2/2 levels left

rFire   . . .      SeeInvis .   a - +0 hand axe
rCold   . . .      Faith    .   (no shield)
rNeg    . . .      Spirit   .   b - +0 leather armour
rPois   .          Reflect  .   (no helmet)
rElec   .          Harm     .   (no cloak)
rCorr   .          Rampage  .   (no gloves)
Will    .....                   (no boots)
Stlth   +++.......              (no amulet)
HPRegen 0.09/turn               (no ring)
MPRegen 0.08/turn               (no ring)

@: flying
A: no striking features
a: no special abilities


You were on level 5 of the Dungeon.
You visited 1 branch of the dungeon, and saw 1 of its levels.

You collected 3 gold pieces.

Inventory:

Hand Weapons
 a - a +0 hand axe (weapon)
Armour
 b - a +0 leather armour (worn)
Jewellery
 i - a ring of fire
Wands
 g - a wand of digging (3)
Scrolls
 c - a scroll of fog
 d - a scroll of enchant weapon {unknown}
 e - a scroll of fear
Potions
 f - a potion of haste


   Skills:
 - Level 3.3 Fighting
 + Level 2.4 Axes
 - Level 2.4 Dodging
 - Level 5.2 Stealth


You had 2 spell levels left.
You didn't know any spells.
Your spell library was empty.

Dungeon Overview and Level Annotations

Branches:
Dungeon (5/15)
 Temple: D:4-7

Altars:


Message History

You are too injured to fight recklessly!
Cleave: a) +0 hand axe
Press: ? - help, Dir - move target, f - adder
Aim: an adder (moderately wounded, about 56% to evade your +0 hand axe)
You hit the adder.
The adder is severely wounded.
You feel sick. The adder bites you.
Cleave: a) +0 hand axe
Press: ? - help, Dir - move target, f/p - adder
Aim: an adder (severely wounded, about 56% to evade your +0 hand axe)
You closely miss the adder.
The adder is severely wounded.
You feel sick. The adder bites you.
* * * LOW HITPOINT WARNING * * *
The adder bites you.
* * * LOW HITPOINT WARNING * * *
Cleave: a) +0 hand axe
Press: ? - help, Dir - move target, f/p - adder
Aim: an adder (severely wounded, about 56% to evade your +0 hand axe)
You closely miss the adder.
The adder is severely wounded.
You feel sick. The adder barely misses you.
It was a potion of flight.
You feel very buoyant.
You fly up into the air.
You feel sick.
You are no longer poisoned.
The adder bites you but does no damage. The adder closely misses you.
Cleave: a) +0 hand axe
Press: ? - help, Dir - move target, f/p - adder
Aim: an adder (severely wounded, about 56% to evade your +0 hand axe)
You hit the adder but do no damage.
The adder is severely wounded.
The adder closely misses you.
Cleave: a) +0 hand axe
Press: ? - help, Dir - move target, f/p - adder
Aim: an adder (severely wounded, about 56% to evade your +0 hand axe)
You closely miss the adder.
The adder is severely wounded.
The adder barely misses you. The adder bites you.
You die...

....#****##.#.##,*,###,*,***,,***
.....**,##.#.##,*,##.##,*,**,,* *
.....,,##.#.##,*,##.#.##,*,**** *
*...,,##.#.##,*,##.#.#.##,*,**
*,,,,##.#.##.#,##.#...#.##,*,**
*,,**#.#.##,#.##...)##.#.#*,*,***
**,**##.#.##,#...#.##.#.##,*,**,,
***,,##.#.##.#.#.##.#.##,*,**,,,
*,,,,,##.#.##.#@##.#.##,*,**,,,,
**,,,,,,##.#.##S##.#.##,*,**,,,,,
*,,,,**,,##.#.###.#.##,*,**,,,,,,
*,,,,,,,,*##.#.#.#.##,*,**,,,,,,,
*,,,,,,,,,*##.#.#.##,*,***,,,,,,,
*,,,,,*,,** ##.#.##,*,** *,,,****
,,*,,,,,,,* *##.##,*,** *,,,,,**
,**,,*,,,,***,###,*,******,,*,,,,
,**,****,,,,,,,*,,,**,**,*,,***,,


You could see an adder.

Vanquished Creatures
  A hound (D:5)
1 creature vanquished.

Notes
Turn   | Place    | Note
-------+----------+-------------------------------------------
     0 | D:5      | blackman the Human Delver began the quest for the Orb.
     0 | D:5      | Reached XP level 1. HP: 18/18 MP: 1/1
    72 | D:5      | Noticed a hound
    83 | D:5      | Killed a hound
    84 | D:5      | Reached XP level 2. HP: 12/24 MP: 2/2
    84 | D:5      | Reached XP level 3. HP: 14/29 MP: 3/3
   148 | D:5      | Slain by an adder

Illustrated notes

Levels and vault maps discovered:
D:5:      minmay_inner_zag, layout_cave_pools

Action                   || total
-------------------------++-------
Melee: Hand axe          ||    15
  Use: Scroll            ||     1
       Potion            ||     1
 Stab: Sleeping          ||     1
Armor: Leather armour    ||     4
Dodge: Dodged            ||    10

Table legend: (Time is in decaauts)
 A = Elapsed time spent in this place.
 B = Non-inter-level travel time spent in this place.
 C = Inter-level travel time spent in this place.
 D = Time resting spent in this place.
 E = Time spent auto-exploring this place.
 F = Levels seen in this place.
 G = Mean time per level.
                   A        B        C        D        E       F      G
               +--------+--------+--------+--------+--------+-----+--------+
         Total |    150 |     73 |     77 |      0 |      0 |   1 |  150.0 |
       Dungeon |    150 |     73 |     77 |      0 |      0 |   1 |  150.0 |
               +--------+--------+--------+--------+--------+-----+--------+

Top non-repeatable levels by time:
     D:5: 150 daAuts
